 Dungeon Crawl Stone Soup version 0.25-a0-424-g80bd347ae0 (webtiles) character file.

Game seed: 16256377526761249175, levelgen mode: deterministic

10 BeastOfSaturn the Gusty (level 2, 0/20 HPs)
             Began as a Hill Orc Air Elementalist on Jan 23, 2020.
             Slain by a kobold
             ... wielding a +0 short sword
              (3 damage)
             ... on level 1 of the Dungeon.
             The game lasted 00:02:11 (252 turns).

BeastOfSaturn the Gusty (Hill Orc Air Elementalist)  Turns: 252, Time: 00:02:11

Health: 0/20       AC:  4    Str: 10    XL:     2   Next: 20%
Magic:  0/4        EV: 11    Int: 15    God:
Gold:   6          SH:  0    Dex: 11    Spells: 3/4 levels left

rFire    . . .     SeeInvis .   d - +0 whip
rCold    . . .     Gourm    .   (no shield)
rNeg     . . .     Faith    .   g - +0 leather armour
rPois    .         Spirit   .   (no helmet)
rElec    .         Reflect  .   f - +0 cloak
rCorr    .         Harm     .   (no gloves)
MR       .....                  (no boots)
Stlth    +.........             (no amulet)
HPRegen  0.06/turn              (no ring)
MPRegen  0.09/turn              (no ring)

@: very slightly contaminated
A: no striking features
a: no special abilities


You were on level 1 of the Dungeon.
You were not hungry.

You visited 1 branch of the dungeon, and saw 1 of its levels.

You collected 6 gold pieces.

Inventory:

Hand Weapons
 d - a +0 whip (weapon)
Armour
 a - a +0 robe
 f - a +0 cloak (worn)
 g - a +0 leather armour (worn)
Scrolls
 b - a scroll of identify {unknown}
Potions
 e - a potion of resistance {unknown}
 h - a potion of mutation {unknown}
Comestibles
 c - a ration


   Skills:
 * Level 0.2 Armour
 + Level 1.6 Dodging
 + Level 1.6 Stealth
 + Level 1.7 Spellcasting
 + Level 1.0 Conjurations
 + Level 2.8 Air Magic


You had 3 spell levels left.
You knew the following spells:

 Your Spells              Type           Power        Failure   Level  Hunger
a - Shock                 Conj/Air       #...         14%         1    ##.....

Your spell library contained the following spells:

 Spells                   Type           Power        Failure   Level  Hunger
 Swiftness                Chrm/Air       #.......     26%         2    ###....
 Static Discharge         Conj/Air       #.......     38%         3    ####...
 Airstrike                Air            #.........   67%         4    #####..
 Lightning Bolt           Conj/Air       #.........   98%         5    ######.


Dungeon Overview and Level Annotations

Branches:
Dungeon (1/15)

Altars:


Message History

The kobold throws a stone.
The stone misses you.
The kobold throws a stone.
The stone closely misses you.
Casting: Shock (safe; 14% risk of failure)
Confirm with . or Enter, or press ? or * to list all spells.
Aiming: Shock (safe; 14% risk of failure)
Press: ? - help, Shift-Dir - straight line, f/p - kobold
Aim: a kobold, wielding a +0 short sword (moderately wounded)
The zap hits the kobold.
The kobold is severely wounded.
Sorry, you're not good enough to have a special ability.
Casting: Shock (safe; 14% risk of failure)
Confirm with . or Enter, or press ? or * to list all spells.
Aiming: Shock (safe; 14% risk of failure)
Press: ? - help, Shift-Dir - straight line, f/p - kobold
Aim: a kobold, wielding a +0 short sword (moderately wounded)
You miscast Shock.
You are very lightly contaminated with residual magic.
You feel momentarily weightless.
The kobold hits you with a +0 short sword.
You die...

......#
#(....#.###...#####.#..#.
#######
#####.#................#.
#.#...#..###########.
###.#...#......# #PPP#.
#.......######.###≈≈≈##
#.#.......††...##..<..#
#.#####..#########♣.♣##
####'#####K.# #'# #
#........@..# ########.###
#.......##..###...........
#.......##....+...........
#.......####.##...........
#.......# #..#+##########
#.......# #.......#
#.......# #.......#
#.......# #.......#
#.......# #.......#


You could see a kobold.

Vanquished Creatures
  A leopard gecko (D:1)
  3 bats (D:1)
  A hobgoblin (D:1)
  A kobold (D:1)
  A frilled lizard (D:1)
  A rat (D:1)
8 creatures vanquished.

Notes
Turn   | Place    | Note
-------+----------+-------------------------------------------
     0 | D:1      | BeastOfSaturn the Hill Orc Air Elementalist began the quest
                  | for the Orb.
     0 | D:1      | Reached XP level 1. HP: 14/14 MP: 3/3
   101 | D:1      | Reached XP level 2. HP: 20/20 MP: 0/4
   231 | D:1      | HP: 1/20 [kobold/+0 whip (1)]
   252 | D:1      | Slain by a kobold

Levels and vault maps discovered:
D:1:      tarquinn_simple_flora_water_e, layout_basic, minmay_bisected

Action                   || total
-------------------------++-------
Melee: Whip              ||    16
       Unarmed           ||     2
 Cast: Shock             ||    13
Armor: Robe              ||     2
       Leather armour    ||     1
Dodge: Dodged            ||    29

Table legend:
 A = Non-vault XP
 B = Vault XP
 C = Vault XP percentage of total XP
 D = Non-vault monster count
 E = Vault monster count
 F = Vault count percentage of total count
                 A         B        C        D         E       F
            +---------+---------+-------+---------+---------+-------
      Total |      15 |       0 |   0.0 |       8 |       0 |   0.0
            +---------+---------+-------+---------+---------+-------
        D:1 |      15 |       0 |   0.0 |       8 |       0 |   0.0
            +---------+---------+-------+---------+---------+-------
